 Dungeon Crawl Stone Soup version 0.17-a0-1850-g688e747 (webtiles) character file.

14129 Banto the Impaler (level 11, 0/84 HPs)
             Began as a Demonspawn Gladiator on Sept 19, 2015.
             Was a High Priest of Okawaru.
             Slain by a cyclops (18 damage)
             ... on level 11 of the Dungeon.
             The game lasted 00:32:41 (16897 turns).

Banto the Impaler (Demonspawn Gladiator)           Turns: 16897, Time: 00:32:41

Health: 0/84       AC: 19    Str: 16    XL:     11   Next: 84%
Magic:  11/11      EV:  8    Int: 11    God:    Okawaru [*****.]
Gold:   561        SH:  9    Dex: 22    Spells: 1 memorised, 7 levels left

rFire  . . .     SeeInvis +     a - +1 trident
rCold  + . .     Clarity  .     d - +1 plate armour of Absolutism {rPois rC+ Dex+5 Slay+2} (curse)
rNeg   + . .     SustAt   +     A - +3 buckler "Sodaviuts" {MR+ Int+4}
rPois  +         Gourm    .     g - +2 helmet {SInv}
rElec  .         Spirit   .     v - +2 cloak
rCorr  .         Warding  .     u - +0 pair of gloves
rMut   .         Stasis   .     (no boots)
MR     +....                    (no amulet)
Stlth  ..........               t - ring of positive energy
                                h - ring of sustain attributes

@: somewhat resistant to hostile enchantments, extremely unstealthy
A: claws 2, talons 1, repulsion field 1, camouflage 1, see invisible, blink,
breathe flames 1, dopey 1, screaming 1, spiny 1, evolution 1
a: Blink, Heroism, Finesse, Renounce Religion, Breathe Fire


You were on level 11 of the Dungeon.
You worshipped Okawaru.
Okawaru was extremely pleased with you.
You were not hungry.

You visited 2 branches of the dungeon, and saw 12 of its levels.
You also visited: Labyrinth.

You collected 617 gold pieces.
You spent 56 gold pieces at shops.

Inventory:

Hand weapons
 a - a +1 trident (weapon)
 G - a +0 blowgun
Missiles
 E - 24 poisoned needles
 I - 2 javelins of penetration (quivered)
Armour
 d - the cursed +1 plate armour of Absolutism (worn) {rPois rC+ Dex+5 Slay+2}
   (You took it off a minotaur in a labyrinth)

   It affects your dexterity (+5).
   It affects your accuracy and damage with ranged weapons and melee attacks
   (+2).
   It protects you from cold.
   It protects you from poison.
   It has a curse placed upon it.
 g - a +2 helmet of see invisible (worn)
 u - a +0 pair of gloves (worn)
 v - a +2 cloak (worn)
 A - the +3 buckler "Sodaviuts" (worn) {MR+ Int+4}
   (You found it on level 5 of the Dungeon)

   It affects your intelligence (+4).
   It affects your resistance to hostile enchantments.
 J - the +0 Maxwell's etheric cage {RegenMP *Contam rElec MP+4}
   (You took it off Robin on level 2 of the Dungeon)

   It insulates you from electricity.
   It affects your magic capacity (+4).
   It causes magical contamination when unequipped.
Rods
 b - a +7 rod of inaccuracy (12/12)
   (You took it off a minotaur in a labyrinth)
Jewellery
 h - a ring of sustain attributes (left hand)
 t - a ring of positive energy (right hand)
Magical devices
 C - a wand of magic darts (28)
 D - a wand of digging (14)
 N - a wand of disintegration (10)
Scrolls
 l - 8 scrolls of remove curse
 m - 4 scrolls of recharging
 o - a scroll of fear
 y - 5 scrolls of identify
 z - 2 scrolls of teleportation
Potions
 f - 3 potions of heal wounds
 j - 4 potions of flight
 n - a potion of ambrosia
 p - a potion of brilliance
 r - 4 potions of curing
 s - a potion of invisibility
Miscellaneous
 H - a lamp of fire (inert)
Comestibles
 c - 6 chunks of flesh
 e - 13 bread rations
 i - 4 beef jerkies
 k - 3 meat rations
 q - a royal jelly
 w - 3 fruits
 x - 10 slices of pizza


   Skills:
 + Level 7.0 Fighting
 - Level 15.0 Polearms
 - Level 1.7 Throwing
 + Level 2.7 Armour
 - Level 2.6 Dodging
 - Level 5.0 Shields


You had 7 spell levels left.
You knew the following spells:

 Your Spells              Type           Power        Failure   Level  Hunger
a - Regeneration          Chrm/Necr      #.........   100%        3    ####...


Dungeon Overview and Level Annotations

Branches:
Dungeon (11/15)            Temple (1/1) D:6            Lair (0/8) D:9
    Orc (0/4) D:10

Altars:
Ashenzari
Cheibriados
Dithmenos
Elyvilon
Fedhas
Gozag
Makhleb
Okawaru
Qazlal
Sif Muna
Vehumet
Xom
Yredelemnul
Zin
The Shining One
Beogh

Shops:
D:5 }   D:8 ?

Annotations:
D:9 exclusion: door


Innate Abilities, Weirdness & Mutations

You have very sharp fingernails.
You are surrounded by a mild repulsion field (EV +2).
You are partially covered in sharp spines.
You have sharp toenails.
Your skin changes colour to match your surroundings (Stealth).
You have supernaturally acute eyesight.
You can translocate small distances at will.
You can breathe flames.
You are dopey. (Int -2)
You occasionally shout uncontrollably at your foes.
You evolve.


Message History

A cyclops is nearby!
Attack whom?
Press: ? - help, Dir - move target cursor, f - cyclops
Aim: a cyclops You reach to attack!
You hit the cyclops but do no damage.
The cyclops throws a large rock.
You block the large rock.
Attack whom?
Press: ? - help, Dir - move target cursor, f/p - cyclops
Aim: a cyclops You reach to attack!
You hit the cyclops.
The cyclops is lightly wounded.
The cyclops hits you!
* * * LOW HITPOINT WARNING * * *
You are too injured to fight recklessly!
You are too injured to fight recklessly!
You are too injured to fight recklessly!
You puncture the cyclops!
The cyclops is moderately wounded.
The cyclops hits you!!
You die...

..........#.+.......#
+
..........#.#.......+
#
..........###.......#
#
#######........######
# ...# #........#
...# #........# ...#
#........+ #..#
#.......(#+##+##+#
.###
##+###+#.(@C...... .#
+.......... .#
#...)...... .#
#.......... .###
#.......... ...#
###+##....# ...#
....# ...# ....+ ...#


You could see a cyclops.

Vanquished Creatures
  A minotaur (Lab)
  3 hill giants
  The ghost of Enish the Zephyrmancer, an experienced DgAE (D:8)
  The ghost of Sagrath01 the Cruncher, an experienced DsGl of Okawaru (D:6)
  Pikel (D:7)
  A salamander (shapeshifter) (D:9)
  A manticore (D:8)
  A centaur zombie (D:11)
  Psyche (D:8)
  2 trolls (D:9)
  2 trapdoor spider zombies
  A blink frog (D:9)
  A wraith (D:11)
  4 fire bats (D:9)
  11 yaks
  A deep elf mage (D:10)
  2 hungry ghosts
  2 hippogriffs (D:10)
  A mottled dragon (D:11)
  4 sky beasts
  6 orc warriors
  A phantom (D:7)
  2 ogres
  4 slaves (D:7)
  A necrophage (D:10)
  5 ice beasts
  6 centaurs
  A big kobold (D:8)
  6 giant frogs
  3 scorpions
  8 crimson imps
  11 killer bees
  3 jellies
  A giant frog zombie (D:7)
  7 hounds
  9 orc priests
  A quasit (D:9)
  13 orc wizards
  5 iguanas
  A sheep (D:9)
  A worker ant (D:9)
  A hound zombie (D:8)
  A worker ant zombie (D:7)
  Robin (D:2)
  5 gnolls
  10 adders
  A shadow imp (D:9)
  An ooze (D:2)
  An adder zombie (D:9)
  5 worms
  7 giant geckos
  48 orcs
  6 giant cockroaches
  23 goblins
  15 hobgoblins
  18 jackals
  10 quokkas
  3 ball pythons
  6 bats
  A giant gecko zombie (D:9)
  4 giant newts
  15 kobolds
  9 rats
328 creatures vanquished.

Vanquished Creatures (others)
  A goblin (D:2)
  A hobgoblin (D:2)
  A jackal (D:7)
  A fire vortex (D:9)
4 creatures vanquished.

Grand Total: 332 creatures vanquished

Notes
Turn   | Place    | Note
--------------------------------------------------------------
     0 | D:1      | Banto the Demonspawn Gladiator began the quest for the Orb.
     0 | D:1      | Reached XP level 1. HP: 16/16 MP: 1/1
   104 | D:1      | Reached skill level 3 in Polearms
   142 | D:1      | Gained mutation: You have sharp fingernails. [demonic ancestry]
   142 | D:1      | Reached XP level 2. HP: 4/22 MP: 2/2
   662 | D:1      | Reached XP level 3. HP: 27/27 MP: 3/3
   800 | D:1      | Reached skill level 4 in Polearms
  1518 | D:2      | Found a shattered altar of Ashenzari.
  1597 | D:2      | Gained mutation: You have very sharp fingernails. [demonic ancestry]
  1597 | D:2      | Reached XP level 4. HP: 22/33 MP: 4/4
  2559 | D:2      | Reached skill level 5 in Polearms
  2910 | D:2      | Noticed Robin
  3403 | D:1      | Reached XP level 5. HP: 12/38 MP: 5/5
  4602 | D:3      | Found a burning altar of Makhleb.
  4943 | D:4      | Reached skill level 6 in Polearms
  5153 | D:3      | Reached XP level 6. HP: 31/44 MP: 6/6
  6719 | D:5      | Entered Level 5 of the Dungeon
  6820 | D:5      | Reached skill level 7 in Polearms
  7269 | D:5      | Gained mutation: You are partially covered in sharp spines. [demonic ancestry]
  7269 | D:5      | Reached XP level 7. HP: 6/50 MP: 7/7
  7577 | D:5      | Got a smoking buckler
  7583 | D:5      | Identified the +3 buckler "Sodaviuts" {MR+ Int+4} (You found it on level 5 of the Dungeon)
  7741 | D:5      | Reached skill level 8 in Polearms
  8105 | D:5      | Found Ikhiudu's Quality Used Wands.
  8396 | D:6      | Reached skill level 9 in Polearms
  8396 | D:6      | Reached XP level 8. HP: 49/56 MP: 8/8
  8598 | D:6      | Noticed Sagrath01's ghost (experienced DsGl)
  8761 | D:6      | Found a staircase to the Ecumenical Temple.
  8784 | Temple   | Entered the Ecumenical Temple
  8825 | Temple   | Became a worshipper of Warmaster Okawaru
  8888 | D:6      | Killed Sagrath01's ghost
  8888 | D:6      | Acquired Okawaru's first power
  8888 | D:6      | Reached skill level 10 in Polearms
  8944 | D:6      | Got a faintly humming helmet
  8955 | D:6      | Identified the cursed -4 helmet of Zin's Hatred {-Tele Int+5} (You found it on level 6 of the Dungeon)
  9681 | D:6      | Reached skill level 11 in Polearms
  9681 | D:6      | Reached XP level 9. HP: 52/61 MP: 9/9
  9685 | D:6      | Gained mutation: You occasionally shout uncontrollably at your foes. [mutagenic meat]
  9686 | D:6      | Gained mutation: You can translocate small distances at will. [mutagenic meat]
  9687 | D:6      | Gained mutation: You have sharp toenails. [mutagenic meat]
  9689 | D:6      | Gained mutation: Your flesh is heat resistant. [mutagenic meat]
  9690 | D:6      | Gained mutation: You can breathe flames. [mutagenic meat]
  9894 | D:7      | Gained mutation: Your body sometimes deteriorates upon taking damage. [mutagenic meat]
  9895 | D:7      | Gained mutation: Your skin changes colour to match your surroundings (Stealth). [mutagenic meat]
  9941 | D:7      | Noticed Pikel
  9955 | D:7      | Killed Pikel
 10244 | D:7      | Found a shimmering altar of Xom.
 10249 | D:7      | Found a shimmering altar of Xom.
 10249 | D:7      | Found a shimmering altar of Xom.
 10329 | D:7      | Reached skill level 12 in Polearms
 10391 | D:7      | Found a shimmering altar of Xom.
 10392 | D:7      | Found a shimmering altar of Xom.
 10394 | D:7      | Found a shimmering altar of Xom.
 10531 | D:8      | Noticed Enish's ghost (experienced DgAE)
 10557 | D:8      | Noticed Psyche
 10956 | D:8      | Killed Enish's ghost
 11168 | D:8      | Found Zethily's Magic Scroll Boutique.
 11176 | D:8      | Bought a scroll of identify for 28 gold pieces
 11176 | D:8      | Bought a scroll of identify for 28 gold pieces
 11202 | D:8      | Reached skill level 13 in Polearms
 11204 | D:8      | Noticed Erica
 11215 | D:8      | Noticed Erica
 11215 | D:8      | Erica changed into Erica the manticore
 11225 | D:8      | Killed Erica the manticore
 11225 | D:8      | Reached XP level 10. HP: 36/67 MP: 10/10
 12722 | D:9      | Found a staircase to the Lair.
 12737 | D:9      | Reached skill level 14 in Polearms
 13038 | D:9      | Gained mutation: You possess an exceptional clarity of mind. [mutagenic meat]
 13040 | D:9      | Lost mutation: Your body sometimes deteriorates upon taking damage. [mutagenic meat]
 13041 | D:9      | Gained mutation: You evolve. [mutagenic meat]
 13042 | D:9      | Lost mutation: You possess an exceptional clarity of mind. [mutagenic meat]
 13043 | D:9      | Gained mutation: You have supernaturally acute eyesight. [mutagenic meat]
 13458 | D:9      | Noticed a salamander
 13478 | D:9      | Killed a salamander
 13869 | D:8      | Killed Psyche
 13897 | D:8      | Acquired Okawaru's second power
 13897 | D:8      | Received a gift from Okawaru
 13897 | D:8      | Reached skill level 15 in Polearms
 13897 | D:8      | Gained mutation: You are surrounded by a mild repulsion field (EV +2). [demonic ancestry]
 13897 | D:8      | Reached XP level 11. HP: 51/72 MP: 11/11
 14094 | D:2      | Killed Robin
 14297 | D:10     | Entered Level 10 of the Dungeon
 14356 | D:10     | Reached skill level 1 in Shields
 15105 | D:10     | Noticed a hill giant
 15136 | D:10     | Killed a hill giant
 15636 | D:10     | Found a staircase to the Orcish Mines.
 15645 | D:10     | Found a roughly hewn altar of Beogh.
 15775 | D:11     | Reached skill level 5 in Fighting
 15861 | D:11     | Found a labyrinth entrance.
 15868 | Lab      | Entered a labyrinth
 16210 | Lab      | Noticed a minotaur
 16262 | Lab      | Killed a minotaur
 16262 | Lab      | Received a gift from Okawaru
 16269 | Lab      | Got a shimmering plate armour
 16481 | D:11     | Identified a +3 rod of the swarm (9/9) (You found it in a labyrinth)
 16482 | D:11     | Identified a +0 rod of inaccuracy (12/12) (You found it in a labyrinth)
 16483 | D:11     | Identified a +7 rod of inaccuracy (12/12) (You took it off a minotaur in a labyrinth)
 16496 | D:11     | Identified the cursed +1 plate armour of Absolutism {rPois rC+ Dex+5 Slay+2} (You took it off a minotaur in a labyrinth)
 16504 | D:11     | Learned a level 3 spell: Regeneration
 16532 | D:11     | Gained mutation: You are dopey. (Int -2) [mutagenic meat]
 16642 | D:11     | Reached skill level 5 in Shields
 16646 | D:11     | Noticed a hill giant
 16680 | D:11     | Killed a hill giant
 16680 | D:11     | Reached skill level 1 in Armour
 16771 | D:11     | Noticed a hill giant
 16787 | D:11     | Killed a hill giant
 16863 | D:11     | Lost mutation: Your flesh is heat resistant. [evolution]
 16897 | D:11     | Slain by a cyclops

Vault maps used:
D:1:      tarquinn_simple_flora_water_d
D:2:      kennysheep_goblin_castle, lemuel_round_altar
D:3:      makhleb_blood_cavern_becter
D:4:      grunt_ministairs_8, hangedman_glass_teeth
D:5:      first_bread, kennysheep_doodads, minivault_14,
          nicolae_for_you_no_charge
D:6:      minmay_temple_entry_statues, minivault_22
D:7:      xom_shifter_show, uniq_pikel
D:8:      serial_shops, shop, grunt_pizzeria, uniq_erica, uniq_psyche
D:9:      dpeg_lair_monsters, minmay_misc_feat_roman, minmay_misc_feat_doors,
          hangedman_incinerator
D:10:     minmay_orc_entry_temple_small, minmay_misc_feat_secret_circle,
          st_stairs_7
D:11:     lab_entry_generic, serial_shops, nicolae_shop_overgrown_old_shop
Temple:   grunt_circular_temple_18
Lab:      labyrinth_watery, labyrinth_skeletal_remains

Action                   |  1- 3 |  4- 6 |  7- 9 | 10-12 || total
-------------------------+-------+-------+-------+-------++-------
Melee: Trident           |   241 |   480 |   320 |   798 ||  1839
Throw: Throwing net      |     2 |     3 |     1 |     2 ||     8
       Tomahawk          |       |       |       |     4 ||     4
Invok: Heroism           |       |       |     1 |     2 ||     3
Evoke: Wand              |       |     3 |     2 |     8 ||    13
       Rod               |       |       |       |     1 ||     1
       Lamp of fire      |       |       |       |     1 ||     1
  Use: Scroll            |     2 |    13 |     5 |     3 ||    23
 Stab: Held in net/web   |     1 |     1 |     1 |     3 ||     6
       Sleeping          |     2 |     1 |     5 |       ||     8
       Distracted        |       |       |     1 |       ||     1
       Confused          |       |       |       |     5 ||     5
  Eat: Chunk             |     2 |    16 |    23 |    31 ||    72
       Pizza             |       |     2 |       |       ||     2
       Bread ration      |       |       |       |     1 ||     1
